 Dungeon Crawl Stone Soup version 0.22-a0-525-gf69a080 (webtiles) character file.

114 kae the Insei (level 4, 0/33 HPs)
             Began as a Demonspawn Transmuter on June 21, 2018.
             Slain by a quokka (5 damage)
             ... on level 3 of the Dungeon.
             The game lasted 00:02:08 (3560 turns).

kae the Insei (Demonspawn Transmuter)               Turns: 3560, Time: 00:02:08

Health: 0/33       AC:  2    Str: 11    XL:     4   Next: 66%
Magic:  7/7        EV: 12    Int: 14    God:
Gold:   170        SH:  3    Dex: 14    Spells: 1/7 levels left

rFire    . . .     SeeInvis .     - Unarmed
rCold    + . .     Gourm    .   k - +0 buckler
rNeg     . . .     Faith    .   b - +0 robe
rPois    .         Spirit   .   (helmet restricted)
rElec    .         Reflect  .   (no cloak)
rCorr    .         Harm     .   (no gloves)
MR       .....                  (no boots)
Stlth    +.........             (no amulet)
HPRegen  0.11/turn              (no ring)
MPRegen  0.10/turn              (no ring)

@: no status effects
A: horns 2, cold resistance 1
a: no special abilities


You were on level 3 of the Dungeon.
You were hungry.

You visited 1 branch of the dungeon, and saw 3 of its levels.

You collected 170 gold pieces.

Inventory:

Missiles
 a - 40 arrows
Armour
 b - a +0 robe (worn)
 k - a +0 buckler (worn)
Jewellery
 q - a +6 ring of strength {unknown}
Scrolls
 c - 3 scrolls of fog {unknown}
 e - 2 scrolls of noise {unknown}
 f - a scroll of immolation {unknown}
 g - a scroll of identify {unknown}
 h - a scroll of blinking {unknown}
 i - a scroll of random uselessness {unknown}
 o - a scroll of remove curse {unknown}
 s - a scroll of amnesia {unknown}
 t - a scroll of teleportation {unknown}
 u - a scroll of magic mapping {unknown}
Potions
 j - 2 potions of might {unknown}
 l - a potion of flight {unknown}
 m - a potion of cancellation {unknown}
 n - a potion of curing {unknown}
 p - 2 potions of lignification {unknown}
 r - a potion of agility
Comestibles
 d - 7 rations


   Skills:
 + Level 1.9 Fighting
 + Level 2.1 Dodging
 + Level 0.6 Shields
 * Level 3.5 Unarmed Combat
 + Level 2.3 Spellcasting
 * Level 2.8 Transmutations


You had one spell level left.
You knew the following spells:

 Your Spells              Type           Power        Failure   Level  Hunger
a - Beastly Appendage     Tmut           #.....       11%         1    #......
b - Sticks to Snakes      Tmut           #.......     17%         2    ###....
c - Spider Form           Tmut/Pois      #.........   50%         3    ###....

Your spell library contained the following spells:

 Spells                   Type           Power        Failure   Level  Hunger
 Blade Hands              Tmut           #.........   97%         5    ######.
 Ice Form                 Ice/Tmut       #.......     88%         4    #####..


Dungeon Overview and Level Annotations

Branches:
Dungeon (3/15)

Altars:
Elyvilon
Fedhas
Ru


Innate Abilities, Weirdness & Mutations

You have a pair of horns on your head.
Your flesh is cold resistant. (rC+)


Message History

You hit the kobold.
You kill the kobold!
The goblin closely misses you. The quokka barely misses you.
You miss the quokka. The goblin hits you with a club.
* * * LOW HITPOINT WARNING * * *
The quokka barely misses you.
You hit the goblin but do no damage. The quokka closely misses you.
The goblin barely misses you.
You barely miss the goblin. The quokka barely misses you.
The goblin hits you with a club.
* * * LOW HITPOINT WARNING * * *
You closely miss the goblin. You block the quokka's attack.
The goblin hits you with a club.
* * * LOW HITPOINT WARNING * * *
You hit the goblin but do no damage. The quokka closely misses you.
The goblin closely misses you.
You barely miss the goblin. The quokka barely misses you. x2
There is a large open door here.
The quokka bites you.
You die...

......# .......##
......).## #....##
##....# #....####
#.....g.#
#.....r.# ..
#....##@# ..#
##....##.#
...######....###.#
............## #.#
#..........## #.#
#........## ##.#
##......## #..#
#####..### #.##
.####''########.#


You could see a quokka and a goblin.

Vanquished Creatures
  Jessica (D:3)
  An adder (D:3)
  A worm (D:3)
  3 leopard geckos (D:1)
  2 orcs (D:3)
  4 giant cockroaches
  10 hobgoblins
  11 jackals
  A quokka (D:2)
  5 bats
  5 frilled lizards
  5 goblins
  9 kobolds
  8 rats
66 creatures vanquished.

Notes
Turn   | Place    | Note
-------+----------+-------------------------------------------
     0 | D:1      | kae the Demonspawn Transmuter began the quest for the Orb.
     0 | D:1      | Reached XP level 1. HP: 15/15 MP: 3/3
   379 | D:1      | Mutation became permanent: You have a pair of small horns on your head. [demonic ancestry]
   379 | D:1      | Gained mutation: You have a pair of horns on your head. [demonic ancestry]
   379 | D:1      | Reached XP level 2. HP: 19/21 MP: 3/5
   398 | D:1      | Learned a level 2 spell: Sticks to Snakes
   469 | D:1      | Reached skill level 3 in Unarmed Combat
  1090 | D:1      | Gained mutation: You have a pair of horns on your head. [demonic ancestry]
  1090 | D:1      | Reached XP level 3. HP: 26/26 MP: 6/6
  1139 | D:1      | Learned a level 3 spell: Spider Form
  2437 | D:3      | Noticed Jessica
  2447 | D:3      | Killed Jessica
  2447 | D:3      | Gained mutation: Your flesh is cold resistant. (rC+) [demonic ancestry]
  2447 | D:3      | Reached XP level 4. HP: 33/33 MP: 3/7
  2814 | D:3      | Found a sacrificial altar of Ru.
  2850 | D:3      | Found a white marble altar of Elyvilon.
  3362 | D:3      | Found a blossoming altar of Fedhas.
  3560 | D:3      | Slain by a quokka

Vault maps used:
D:1:      lemuel_arrival_funnel
D:2:      first_ration, serial_forest, infiniplex_forest_diagonal,
          infiniplex_forest_pool, infiniplex_forest_diagonal,
          infiniplex_forest_end_3, infiniplex_forest_end_3,
          infiniplex_forest_straight_3, infiniplex_forest_zigzag_2,
          infiniplex_forest_straight_2, minmay_misc_feat_four_crosses
D:3:      lemuel_crystal_altar, nicolae_gozag_seed_capital, elyvilon_altar_5,
          kennysheep_big_empty_room, nicolae_ru_sacrificial_ziggurat,
          uniq_jessica

Skill      XL: |  1  2  3 |
---------------+----------+-----
Unarmed Combat | 3 |  3.5
Transmutations | 2 |  2.8
Dodging        | 2 |  2.1
Fighting       | |  1.9
Shields        | |  0.6
Spellcasting   | |  2.3

Action                   |  1- 3 |  4- 6 || total
-------------------------+-------+-------++-------
Melee: Unarmed           |   140 |    64 ||   204
       Kick              |    15 |     2 ||    17
       Headbutt          |    17 |    10 ||    27
 Cast: Beastly Appendage |    19 |     3 ||    22
       Spider Form       |     1 |       ||     1
 Stab: Sleeping          |     1 |     1 ||     2
  Eat: Chunk             |     5 |     3 ||     8
Armor: Robe              |    28 |     7 ||    35
Dodge: Dodged            |    79 |    32 ||   111
Block: Buckler           |     9 |    10 ||    19

Table legend:
 A = Spawn XP
 B = Non-spawn XP
 C = Spawn XP percentage of total XP
 D = Spawn monster count
 E = Non-spawn monster count
 F = Spawn count percentage of total count
 G = Total turns spent on level
                    A         B        C        D         E        F      G
               +---------+---------+-------+---------+---------+-------+---------
         Total |       0 |     163 |   0.0 |       0 |      66 |   0.0 |  3560
               +---------+---------+-------+---------+---------+-------+---------
           D:1 |       0 |      55 |   0.0 |       0 |      31 |   0.0 |  1576
           D:2 |       0 |      32 |   0.0 |       0 |      20 |   0.0 |   861
           D:3 |       0 |      76 |   0.0 |       0 |      15 |   0.0 |  1123
               +---------+---------+-------+---------+---------+-------+---------
